 Dungeon Crawl Stone Soup version 0.19-a0-28-g8794423 (webtiles) character file.

2 tyvek the Conjurer (level 1, 0/14 HPs)
             Began as a Draconian Conjurer on May 2, 2016.
             Succumbed to a goblin's poison
             ... on level 1 of the Dungeon.
             The game lasted 00:00:34 (55 turns).

tyvek the Conjurer (Draconian Conjurer)               Turns: 55, Time: 00:00:34

Health: 0/14       AC:  4    Str: 10    XL:     1   Next: 33%
Magic:  0/3        EV: 12    Int: 15    God:
Gold:   0          SH:  0    Dex: 11    Spells: 1 memorised, 3 levels left

rFire  . . .     SeeInvis .     (no weapon)
rCold  . . .     Gourm    .     (armour unavailable)
rNeg   . . .     Faith    .     (no shield)
rPois  .         Spirit   .     (helmet restricted)
rElec  .         Dismiss  .     (no cloak)
rCorr  .         Reflect  .     (no gloves)
SustAt .         Harm     .     (no boots)
MR     .....                    (no amulet)
Stlth  ++........               (no ring)
                                (no ring)

@: lethally poisoned (0 -> -16), not resistant to hostile enchantments,
unstealthy
A: unfitting armour, cold-blooded, AC +4
a: no special abilities


You were on level 1 of the Dungeon.
You were not hungry.

You visited 1 branch of the dungeon, and saw 1 of its levels.

Inventory:

Books
 a - a book of Conjurations
Comestibles
 b - a bread ration {@e1}


   Skills:
 - Level 1.7 Dodging
 - Level 1.7 Stealth
 + Level 2.0 Spellcasting
 + Level 4.1 Conjurations


You had 3 spell levels left.
You knew the following spells:

 Your Spells              Type           Power        Failure   Level  Hunger
a - Magic Dart            Conj           ##..         4%          1    #......


Dungeon Overview and Level Annotations

Branches:
Dungeon (1/15)

Altars:


Innate Abilities, Weirdness & Mutations

Your plain brown scales are hard (AC +4).
Your body does not fit into most forms of armour.
You are cold-blooded and may be slowed by cold attacks.


Message History

Welcome, tyvek the Draconian Conjurer.
Will you be the one to retrieve the fabulous Orb of Zot from the depths?
Found a staircase leading out of the dungeon.
You open the door.
A goblin, a hobgoblin and 2 kobolds come into view.
Found a glowing robe.
Found a stone staircase leading down.
There are monsters nearby!
There are monsters nearby!
Aim: a goblin, wielding a club (resting)
The magic dart hits the goblin.
You kill the goblin!
You now have 2/3 mp.
Aim: a hobgoblin, wielding a club (resting)
The magic dart hits the hobgoblin.
The hobgoblin shouts!
A rat comes into view.
You now have 1/3 mp.
Aim: a hobgoblin, wielding a club (moderately wounded)
The magic dart hits the hobgoblin.
The kobold shouts!
The rat moves out of view.
A goblin comes into view. It is wielding a dagger of venom.
You now have 0/3 mp.
You don't have enough magic to cast that spell.
You close the door.
You start resting.
The goblin shouts!
You hit the hobgoblin but do no damage. The hobgoblin barely misses you.
A bat comes into view.
You completely miss the hobgoblin. The hobgoblin barely misses you.
You hit the hobgoblin.
Your tail-slap misses the hobgoblin.
You completely miss the kobold.
The hobgoblin hits you but does no damage.
The rat misses you. The kobold misses you.
The goblin hits you but does no damage. The kobold barely misses you.
There is an open door here.
You barely miss the rat.
Your tail-slap misses the rat.
The hobgoblin hits you but does no damage.
The rat closely misses you. The kobold hits you but does no damage.
The goblin hits you with a dagger of venom.
The kobold misses you.
You take 1 damage, and have 13/14 hp.
The hobgoblin completely misses you. The kobold hits you but does no damage.
The hobgoblin barely misses you.
There is a staircase leading out of the dungeon here.
You open the door.
An ooze comes into view.
The ooze quivers.
The rat bites you but does no damage. The hobgoblin closely misses you.
The kobold hits you but does no damage.
There is an open door here.
The kobold closely misses you.
Health restored: 14
Aim: a kobold, wielding a dagger The magic dart hits the kobold.
The kobold hits you with a dagger.
You take 1 damage, and have 13/14 hp.
You now have 1/3 mp.
Aim: a kobold, wielding a dagger (moderately wounded)
The magic dart hits the kobold.
You kill the kobold!
The goblin closely misses you.
You now have 0/3 mp.
The goblin closely misses you. The bat hits you but does no damage.
Aim: a bat The magic dart hits the bat.
You kill the bat!
The goblin hits you with a dagger of venom.
You are poisoned.
You take 1 damage, and have 12/14 hp.
You now have 0/3 mp.
You feel sick. The hobgoblin misses you.
You see here a bat corpse.
You take 1 damage, and have 11/14 hp.
You feel sick. The kobold closely misses you.
The hobgoblin hits you with a club.
You take 5 damage, and have 6/14 hp.
MASSIVE DAMAGE!!
The kobold hits you with a short sword.
* * * LOW HITPOINT WARNING * * *
The hobgoblin closely misses you.
You take 2 damage, and have 4/14 hp.
The kobold hits you with a short sword.
* * * LOW HITPOINT WARNING * * *
You take 1 damage, and have 3/14 hp.
* * * LOW HITPOINT WARNING * * *
You feel sick.
The kobold throws a stone.
The stone closely misses you.
You see here a stone.
The hobgoblin barely misses you.
* * * LOW HITPOINT WARNING * * *
You feel sick.
The kobold throws a stone.
The stone barely misses you.
You see here a stone.
You take 1 damage, and have 2/14 hp.
The ooze closely misses you.
You aren't carrying any potions.
Aim: an ooze The magic dart hits the ooze.
The goblin hits you but does no damage.
You are more poisoned.
The ooze hits you but does no damage.
You now have 0/3 mp.
You die...

#.#.## #.... ..
#.#.### ..# #>....
...
#.#########.#.#####.#
#..........)........#
#.@..[..........#
#.......).......#
#gJK.##'##......#
#gr.##...##.....#
#...#..<..#.....#
#(..##...##.....#
#....##'##......#
#....†..........#
#...............#


You could see an ooze, a hobgoblin, a goblin, a kobold and a rat.

Vanquished Creatures
  A kobold (D:1)
  A bat (D:1)
  A goblin (D:1)
3 creatures vanquished.

Notes
Turn   | Place    | Note
--------------------------------------------------------------
     0 | D:1      | tyvek the Draconian Conjurer began the quest for the Orb.
     0 | D:1      | Reached XP level 1. HP: 14/14 MP: 3/3
    48 | D:1      | HP: 3/14 [kobold/short sword (1)]
    55 | D:1      | Succumbed to a goblin's poison

Vault maps used:
D:1:      dpeg_arrival_shelter

Action                   || total
-------------------------++-------
Melee: Unarmed           ||     5
 Cast: Magic Dart        ||     7
Armor: Skin              ||     8
Dodge: Dodged            ||    20

Vault maps used:
D:1:      dpeg_arrival_shelter

Table legend:
 A = Turns spent in this place as a percentage of turns spent in the entire game.
 B = Non-inter-level travel turns spent in this place as a percentage of non-inter-level travel turns spent in the entire game.
 C = Inter-level travel turns spent in this place as a percentage of turns spent in this place.
 D = Turns resting spent in this place as a percentage of non-inter-level travel turns spent in this place.
 E = Turns spent auto-exploring this place as a percentage of non-inter-level travel turns spent in this place.
 F = Non-inter-level travel turns spent in this place divided by the number of levels of this place that you've seen.
                   A       B       C       D       E      F
               +-------+-------+-------+-------+-------+----------------------
         Total | 100.0 | 100.0 |   0.0 |   3.3 |   1.7 |  60.0
       Dungeon | 100.0 | 100.0 |   0.0 |   3.3 |   1.7 |  60.0
               +-------+-------+-------+-------+-------+----------------------

Table legend:
 A = Kills in this place as a percentage of kills in entire the game.
 B = Kills by you in this place as a percentage of kills by you in the entire game.
 C = Kills by friends in this place as a percentage of kills by friends in the entire game.
 D = Other kills in this place as a percentage of other kills in the entire game.
 E = Experience gained in this place as a percentage of experience gained in the entire game.
 F = Experience gained in this place divided by the number of levels of this place that you have seen.
                   A       B       C       D       E      F
               +-------+-------+-------+-------+-------+----------------------
         Total | 100.0 | 100.0 |  -nan |  -nan | 100.0 |   4.0
       Dungeon | 100.0 | 100.0 |  -nan |  -nan | 100.0 |   4.0
               +-------+-------+-------+-------+-------+----------------------
